 Dungeon Crawl Stone Soup version 0.30-a0-883-g5ad918d77d (webtiles) character file.

Game seed: 5349710960507260092

74 Newt the Shooter (level 4, -3/30 HPs)
             Began as a Kobold Hunter on Mar 17, 2023.
             Slain by Natasha (6 damage)
             ... on level 2 of the Dungeon.
             The game lasted 00:01:14 (1885 turns).

Newt the Shooter (Kobold Hunter)                    Turns: 1885, Time: 00:01:15

Health: -3/30      AC:  4    Str:  8    XL:     4   Next: 54%
Magic:  4/4        EV: 14    Int: 10    God:
Gold:   56         SH:  0    Dex: 20    Spells: 3/3 levels left

rFire   . . .      SeeInvis .    a - +0 shortbow
rCold   + . .      Faith    .    (shield currently unavailable)
rNeg    . . .      Spirit   .    c - +0 leather armour
rPois   .          Reflect  .    (no helmet)
rElec   .          Rampage  .    g - +0 cloak
rCorr   .                        (no gloves)
Will    .....                    (no boots)
Stlth   +++                      (no amulet)
HPRegen 0.25/turn                h - ring of protection from cold
MPRegen 0.09/turn                (no ring)

@: no status effects
A: small, no large weapons, nightstalker 3
a: no special abilities


You were on level 2 of the Dungeon.
You visited 1 branch of the dungeon, and saw 2 of its levels.

You collected 56 gold pieces.

Inventory:

Hand Weapons
 a - a +0 shortbow (weapon)
Armour
 c - a +0 leather armour (worn)
 g - a +0 cloak (worn)
Jewellery
 h - a ring of protection from cold (left hand)
 r - a ring of resist corrosion
Scrolls
 b - a scroll of immolation
 k - a scroll of vulnerability {unknown}
 m - a scroll of magic mapping {unknown}
 n - a scroll of identify {unknown}
 q - 2 scrolls of teleportation {unknown}
Potions
 d - a potion of haste {unknown}
 e - a potion of cancellation {unknown}
 f - a potion of attraction {unknown}
 i - a potion of heal wounds {unknown}
 j - a potion of resistance {unknown}
 l - 2 potions of curing
 o - a potion of flight {unknown}
 p - a potion of might {unknown}


   Skills:
 + Level 4.9 Fighting
 - Level 5.3 Ranged Weapons
 - Level 2.4 Dodging
 - Level 1.3 Stealth


You had 3 spell levels left.
You didn't know any spells.
Your spell library contained the following spells:

 Spells                   Type           Power      Damage    Failure   Level
 Kiss of Death            Conj/Necr      0%         2d5       50%         1
 Static Discharge         Conj/Air       0%         2-2/arc   63%         2
 Confusing Touch          Hex            0%         N/A       86%         3
 Vhi's Electric Charge    Tloc/Air       0%         N/A       86%         3
 Dispel Undead            Necr           0%         3d6       99%         4
 Arcjolt                  Conj/Air       0%         1d10      100%        5
 Lightning Bolt           Conj/Air       0%         1d11      100%        5


Dungeon Overview and Level Annotations

Branches:
Dungeon (2/15)

Altars:

Annotations:
D:2 Natasha


Innate Abilities, Weirdness & Mutations

You are small and have problems with some larger weapons.
You are completely attuned to the shadows.


Message History

The arrow hits Natasha.
Natasha is heavily wounded.
The shadow imp barely misses you.
You shoot an arrow. The arrow hits the shadow imp!
You kill the shadow imp!
The shadow imp disappears in a puff of smoke!
Natasha casts a spell.
You shoot an arrow. The arrow closely misses Natasha.
The arrow closely misses the iron imp.
Natasha barely misses you.
You shoot an arrow. The arrow hits Natasha.
Natasha is severely wounded.
The shadow imp gestures at you. Pain shoots through your body!
Natasha growls.
Natasha stares at you and mumbles some strange words.
You resist with some effort. The shadow imp hits you.
You shoot an arrow. The arrow misses Natasha.
The arrow hits the iron imp but does no damage.
Natasha claws you. The shadow imp barely misses you.
Natasha drinks a potion.
Natasha is healed!
You shoot an arrow. The arrow completely misses Natasha.
The shadow imp hits you. Natasha claws you but does no damage.
The iron imp closely misses you.
Unknown command.
You shoot an arrow. The arrow misses Natasha.
The shadow imp hits you but does no damage.
Natasha misses you. The iron imp barely misses you.
The shadow imp completely misses you.
Unknown command.
You shoot an arrow. The arrow hits Natasha.
Natasha is severely wounded.
Natasha barely misses you. The shadow imp barely misses you.
The iron imp closely misses you. Natasha casts a spell at you.
The magic dart hits you!
* * * LOW HITPOINT WARNING * * *
You feel better. The shadow imp hits you. The iron imp hits you!
* * * LOW HITPOINT WARNING * * *
Natasha claws you.
You die...

.#.##.......##.#.........#....#.#
#.#.###.#.........####.#.#.......
##.#.##.........).# #.#.#..(...#
.##.#.####..##.#..# #.#.....##.#
#.##.#.###..##.#..####.#.##.#####
.#.##.#.##.............#.........
#.#.##.#.# .####...########..####
.#.##.#.## ....5h5........#..#...
#.##.#.## #####@..######.#..#.##
.##.#.## #.................
##.#.###########...######.#..#.##
#.#.##.........'...# #.#..#...
.#.###.#########...# #.#..####
#.## #.# ##### #.#...... .## #.#
### ####.#...##. ## #.#
#[#####........##. # #.#
#..............#..


You could see an iron imp (summoned), Natasha and a shadow imp (summoned).

Vanquished Creatures
  3 adders (D:2)
  2 dart slugs
  5 endoplasms
  A giant cockroach (D:2)
  4 goblins
  3 hobgoblins
  6 jackals (D:1)
  4 kobolds
  3 ball pythons
  4 bats
  3 frilled lizards
  3 rats
41 creatures vanquished.

Notes
Turn   | Place    | Note
-------+----------+-------------------------------------------
     0 | D:1      | Newt the Kobold Hunter began the quest for the Orb.
     0 | D:1      | Reached XP level 1. HP: 12/12 MP: 1/1
   195 | D:1      | Reached XP level 2. HP: 18/18 MP: 2/2
   588 | D:1      | Reached XP level 3. HP: 23/23 MP: 3/3
  1150 | D:2      | Reached XP level 4. HP: 30/30 MP: 4/4
  1874 | D:2      | Noticed Natasha
  1885 | D:2      | Slain by Natasha

Illustrated notes

Levels and vault maps discovered:
D:1:      lordsloth_arrival_two_stooges, layout_basic
D:2:      minmay_inner_zag, layout_basic, uniq_natasha

Skill      XL: |  1  2  3 |
---------------+----------+-----
Fighting       | 3 4 |  4.9
Ranged Weapons | |  5.3
Dodging        | |  2.4
Stealth        | |  1.3

Action                     |  1- 3 |  4- 6 || total
---------------------------+-------+-------++-------
   Fire: Shortbow          |    72 |    29 ||   101
    Use: Scroll            |     1 |       ||     1
         Potion            |       |     1 ||     1
 Armour: Leather armour    |     6 |     3 ||     9
  Dodge: Dodged            |    27 |    12 ||    39

Table legend: (Time is in decaauts)
 A = Elapsed time spent in this place.
 B = Non-inter-level travel time spent in this place.
 C = Inter-level travel time spent in this place.
 D = Time resting spent in this place.
 E = Time spent auto-exploring this place.
 F = Levels seen in this place.
 G = Mean time per level.
                   A        B        C        D        E       F      G
               +--------+--------+--------+--------+--------+-----+--------+
         Total |   1912 |   1886 |     26 |      0 |   1673 |   2 |  956.0 |
       Dungeon |   1912 |   1886 |     26 |      0 |   1673 |   2 |  956.0 |
               +--------+--------+--------+--------+--------+-----+--------+

Top non-repeatable levels by time:
     D:2: 1022 daAuts
     D:1: 889 daAuts
